 Dungeon Crawl Stone Soup version 0.26-a0-639-g72c4674329 (webtiles) character file.

Game seed: 340162397006126188

37 Alarkh the Insei (level 3, -4/28 HPs)
             Began as a Demonspawn Gladiator on Sept 17, 2020.
             Splashed by a jelly's acid (7 damage)
             ... on level 2 of the Dungeon.
             The game lasted 00:01:36 (1924 turns).

Alarkh the Insei (Demonspawn Gladiator)             Turns: 1924, Time: 00:01:37

Health: -4/28      AC: -4    Str: 14    XL:     3   Next: 21%
Magic:  3/3        EV: 12    Int: 10    God:
Gold:   83         SH:  0    Dex: 14    Spells: 2/2 levels left

rFire    . . .     SeeInvis .     - Unarmed
rCold    . . .     Faith    .   (no shield)
rNeg     . . .     Spirit   .   a - +0 leather armour
rPois    .         Reflect  .   b - +0 helmet
rElec    .         Harm     .   (no cloak)
rCorr    .         Rampage  .   (no gloves)
MR       .....                  (no boots)
Stlth    +.........             f - amulet of magic regeneration
HPRegen  0.09/turn              (no ring)
MPRegen  0.33/turn              (no ring)

@: brilliant, corroded
A: claws 1
a: no special abilities


You were on level 2 of the Dungeon.
You visited 1 branch of the dungeon, and saw 2 of its levels.

You collected 83 gold pieces.

Inventory:

Missiles
 c - 3 throwing nets (quivered)
Armour
 a - a +0 leather armour (worn)
 b - a +0 helmet (worn)
Jewellery
 f - an amulet of magic regeneration (around neck)
Scrolls
 d - 2 scrolls of magic mapping {unknown}
 g - 2 scrolls of identify {unknown}
 h - a scroll of blinking {unknown}
 i - a scroll of enchant weapon {unknown}
 k - a scroll of remove curse {unknown}
 l - a scroll of amnesia {unknown}
 n - a scroll of enchant armour {unknown}
Potions
 j - a potion of stabbing {unknown}


   Skills:
 + Level 2.6 Fighting
 - Level 1.7 Throwing
 - Level 2.6 Dodging
 * Level 3.6 Unarmed Combat


You had 2 spell levels left.
You didn't know any spells.
Your spell library was empty.

Dungeon Overview and Level Annotations

Branches:
Dungeon (2/15)

Altars:
Fedhas


Innate Abilities, Weirdness & Mutations

You have sharp fingernails.


Message History

The jelly is moderately wounded.
The jelly hits you. The acid corrodes you!
You are splashed with acid!
* * * LOW HITPOINT WARNING * * *
You are too injured to fight recklessly!
You are too injured to fight recklessly!
You are too injured to fight recklessly!
It was a potion of curing.
You feel better. The jelly barely misses you.
You scratch the jelly but do no damage.
Your claws burn!
The jelly is moderately wounded.
The jelly closely misses you.
You scratch the jelly.
Your claws burn!
* * * LOW HITPOINT WARNING * * *
The jelly is heavily wounded.
The jelly closely misses you.
It was a potion of brilliance.
You feel clever all of a sudden. The jelly hits you.
* * * LOW HITPOINT WARNING * * *
You are splashed with acid!
You die...

## #.##.#### .#
#.#..#..#
.####.#..#..#
......#.....#######
####..#..##.......#
..#...#....######.#
#.######..........#
#.###...##.#####..#
...#.....#.# #@.#
#######..#.##..J..#
# #>....#.##<###.#
# #.#...#..# #.# #
#.#....#.# #(# #
#.#.####(# #.#
#.#.#....# #.# ##
#.#.#.#### .# .#
#.#.#.#


You could see a jelly.

Vanquished Creatures
  4 dart slugs
  2 giant cockroaches (D:1)
  4 goblins (D:2)
  5 hobgoblins
  A kobold (D:2)
  2 quokkas (D:2)
  4 bats
  2 frilled lizards (D:2)
  3 rats
27 creatures vanquished.

Notes
Turn   | Place    | Note
-------+----------+-------------------------------------------
     0 | D:1      | Alarkh the Demonspawn Gladiator began the quest for the
                  | Orb.
     0 | D:1      | Reached XP level 1. HP: 16/16 MP: 1/1
   141 | D:1      | Reached skill level 3 in Unarmed Combat
   279 | D:1      | Gained mutation: You have sharp fingernails. [demonic
                  | ancestry]
   279 | D:1      | Reached XP level 2. HP: 16/22 MP: 2/2
  1023 | D:2      | Found a blossoming altar of Fedhas.
  1073 | D:2      | Reached XP level 3. HP: 28/28 MP: 3/3
  1170 | D:2      | HP: 1/28 [poisoned by a hobgoblin]
  1924 | D:2      | Splashed by a jelly's acid

Illustrated notes

Levels and vault maps discovered:
D:1:      saegor_arrival_simple_e, layout_basic, roderic_serpentine_path
D:2:      layout_basic, fedhas_altar_fruit_tree

Skill      XL: |  1 |
---------------+----+-----
Unarmed Combat | 3 |  3.6
Fighting       | |  2.6
Throwing       | |  1.7
Dodging        | |  2.6

Action                   || total
-------------------------++-------
Melee: Unarmed           ||   116
       Punch             ||     1
  Use: Potion            ||     2
 Stab: Sleeping          ||     2
Armor: Leather armour    ||    21
Dodge: Dodged            ||    66

Table legend: (Time is in decaauts)
 A = Elapsed time spent in this place.
 B = Non-inter-level travel time spent in this place.
 C = Inter-level travel time spent in this place.
 D = Time resting spent in this place.
 E = Time spent auto-exploring this place.
 F = Levels seen in this place.
 G = Mean time per level.
                   A        B        C        D        E       F      G
               +--------+--------+--------+--------+--------+-----+--------+
         Total |   1916 |   1904 |     12 |    624 |   1061 |   2 |  958.0 |
       Dungeon |   1916 |   1904 |     12 |    624 |   1061 |   2 |  958.0 |
               +--------+--------+--------+--------+--------+-----+--------+

Top non-repeatable levels by time:
     D:2: 1130 daAuts
     D:1: 785 daAuts
